 Dungeon Crawl Stone Soup version 0.21.3-3-g218456f21e (webtiles) character file.

163 BrokenGlass the Insei (level 5, -4/36 HPs)
             Began as an Octopode Monk on Apr 18, 2023.
             Slain by a gnoll
             ... wielding a +0 whip
              (12 damage)
             ... on level 3 of the Dungeon.
             The game lasted 00:02:31 (2305 turns).

BrokenGlass the Insei (Octopode Monk)               Turns: 2305, Time: 00:02:31

Health: -4/36      AC:  1    Str: 12    XL:     5   Next: 44%
Magic:  8/8        EV: 14    Int: 12    God:
Gold:   80         SH:  0    Dex: 14    Spells: 6/8 levels left

rFire    . . .     SeeInvis .     - Unarmed
rCold    . . .     Gourm    .   (no shield)
rNeg     . . .     Faith    .   (helmet restricted)
rPois    .         Spirit   .   (no amulet)
rElec    .         Reflect  .   (no ring)
rCorr    .         Harm     .   (no ring)
MR       .....                  (no ring)
Stlth    +++.......             (no ring)
HPRegen  0.12/turn              (no ring)
MPRegen  0.11/turn              (no ring)
                                (no ring)
                                (no ring)

@: no status effects
A: almost no armour, stealthy swim, amphibious, 8 rings, constrict 8, camouflage
1, gelatinous body 1
a: no special abilities


You were on level 3 of the Dungeon.
You were not hungry.

You visited 1 branch of the dungeon, and saw 3 of its levels.

You collected 80 gold pieces.

Inventory:

Hand Weapons
 b - a +0 blowgun
Missiles
 k - 16 poisoned needles
 l - 62 stones (quivered)
Scrolls
 e - a scroll of identify {unknown}
 f - a scroll of magic mapping {unknown}
 g - a scroll of random uselessness {unknown}
 h - 2 scrolls of fear {unknown}
 i - a scroll of enchant armour {unknown}
 m - 3 scrolls of remove curse {unknown}
Potions
 c - a potion of curing {unknown}
 d - 4 potions of might {unknown}
Books
 j - a book of Minor Magic

   Spells                             Type                      Level
   a - Magic Dart                     Conjuration                  1
   b - Blink                          Translocation                2
   c - Call Imp                       Summoning                    2
   d - Slow                           Hexes                        2
   e - Conjure Flame                  Conjuration/Fire             3
   f - Mephitic Cloud                 Conjuration/Poison/Air       3
Comestibles
 a - 12 rations


   Skills:
 * Level 3.4 Fighting
 - Level 3.3 Dodging
 + Level 3.5 Stealth
 * Level 4.0 Unarmed Combat
 + Level 2.2 Spellcasting
 - Level 1.4 Translocations


You had 6 spell levels left.
You knew the following spells:

 Your Spells              Type           Power        Failure   Level  Hunger
a - Blink                 Tloc           N/A          22%         2    ###....


Dungeon Overview and Level Annotations

Branches:
Dungeon (3/15)

Altars:


Innate Abilities, Weirdness & Mutations

You cannot wear most types of armour.
You are very stealthy in the water. (Stealth+)
You are amphibious.
You can wear up to eight rings at the same time.
You can use your tentacles to constrict eight enemies at once.
Your skin changes colour to match your surroundings (Stealth+).
Your rubbery body absorbs attacks. (AC +1, EV +1)


Message History

You tentacle-slap the gnoll. You grab the gnoll.
The gnoll is lightly wounded.
You constrict the gnoll. The gnoll hits you with a whip.
You are too injured to fight recklessly!
You are too injured to fight recklessly!
You are too injured to fight recklessly!
You are too injured to fight recklessly!
You are too injured to fight recklessly!
You are too injured to fight recklessly!
You are too injured to fight recklessly!
You are too injured to fight recklessly!
Unknown command.
You are too injured to fight recklessly!
You tentacle-slap the gnoll.
You tentacle-slap the gnoll, but do no damage.
The gnoll is heavily wounded.
You constrict the gnoll. The gnoll hits you!
* * * LOW HITPOINT WARNING * * *
The gnoll hits you with a whip!
You die...

# #### .. # ... .. # ..# .# # #.#
g# ### #.# .# #.. ##.## .# #.#
##...#########g# #.#
#..#.....##$.@g# #.#
.###....###.##.#####.# #.#
............##.......##########.#
.###..†.##..##>.#######..........
.......................>........#
.###.#.###..##..#######.#########
#.#.#........# #.#
#.#...#..###.#######.#
.....<..........<....#


You could see 3 gnolls.

Vanquished Creatures
  Natasha (thrice) (D:2)
  A gnoll (D:3)
  3 adders
  An ooze (D:2)
  3 dart slugs
  2 leopard geckos
  2 giant cockroaches (D:2)
  4 goblins
  3 hobgoblins
  3 jackals (D:2)
  3 bats
  3 frilled lizards
  10 kobolds
  4 rats
45 creatures vanquished.

Vanquished Creatures (others)
  A draconian (D:1)
  A gargoyle (D:1)
  3 trolls (D:1)
  4 ogres (D:1)
  A mummy (D:1)
  2 kobolds (D:1)
  4 tentacles (D:1)
16 creatures vanquished.

Grand Total: 61 creatures vanquished

Notes
Turn   | Place    | Note
-------+----------+-------------------------------------------
     0 | D:1      | BrokenGlass the Octopode Monk began the quest for the Orb.
     0 | D:1      | Reached XP level 1. HP: 16/16 MP: 1/1
     0 | D:1      | Noticed a troll
     0 | D:1      | Noticed a draconian
     0 | D:1      | Noticed a troll
     0 | D:1      | Noticed an ogre
     0 | D:1      | Noticed a gargoyle
     0 | D:1      | Noticed a kraken
     0 | D:1      | Noticed an ogre
     0 | D:1      | Noticed an ogre
     0 | D:1      | Noticed an ogre
     0 | D:1      | Noticed a troll
     3 | D:1      | Killed a troll
     5 | D:1      | Killed a draconian
     5 | D:1      | Killed an ogre
     6 | D:1      | Killed an ogre
     8 | D:1      | Killed an ogre
     8 | D:1      | Killed a troll
     8 | D:1      | Killed a gargoyle
     9 | D:1      | Killed an ogre
     9 | D:1      | Killed a troll
   155 | D:1      | Reached XP level 2. HP: 21/21 MP: 2/2
   537 | D:2      | Reached XP level 3. HP: 21/26 MP: 3/3
   949 | D:2      | Learned a level 2 spell: Blink
  1037 | D:2      | Noticed Natasha
  1044 | D:2      | Killed Natasha
  1044 | D:2      | Reached skill level 1 in Spellcasting
  1044 | D:2      | Reached XP level 4. HP: 31/31 MP: 3/6
  1191 | D:2      | Noticed Natasha
  1200 | D:2      | Killed Natasha
  1533 | D:2      | Noticed Natasha
  1541 | D:2      | Killed Natasha
  1541 | D:2      | Reached skill level 1 in Translocations
  1541 | D:2      | Reached XP level 5. HP: 16/36 MP: 8/8
  2303 | D:3      | Reached skill level 4 in Unarmed Combat
  2305 | D:3      | Slain by a gnoll

Skill      XL: |  1  2  3  4  5 |
---------------+----------------+-----
Stealth        | 3 |  3.5
Spellcasting   | 1 2 |  2.2
Translocations | 1 |  1.4
Unarmed Combat | 4 |  4.0
Fighting       | |  3.4
Dodging        | |  3.3

Action                   |  1- 3 |  4- 6 || total
-------------------------+-------+-------++-------
Melee: Unarmed           |    58 |    38 ||    96
       Constrict         |    14 |    13 ||    27
       Tentacles         |    11 |     9 ||    20
       Punch             |     3 |     1 ||     4
 Stab: Sleeping          |     7 |     4 ||    11
  Eat: Chunk             |       |     4 ||     4
Armor: Skin              |     2 |     1 ||     3
Dodge: Dodged            |    39 |    25 ||    64
